 Dungeon Crawl Stone Soup version 0.30.0-5-g1a98f26d00 (webtiles) character file.

Game seed: 7281048455436961159

960 RascalDebosk the Magician (level 8, -3/58 HPs)
             Began as a Djinni Earth Elementalist on May 11, 2023.
             Was an Initiate of Ashenzari.
             Shot with an arrow by a centaur (8 damage)
             ... on level 5 of the Dungeon.
             The game lasted 00:27:56 (4934 turns).

RascalDebosk the Magician (DjEE)                    Turns: 4934, Time: 00:27:57

Health: -3/58      AC: 13    Str:  7    XL:     8   Next: 37%
Gold:   154        EV: 10    Int: 21    God:    Ashenzari [......] SH:  0 Dex: 15

rFire   + + .        r - +2 dagger (elec)
rCold   x . .        (no shield)
rNeg    . . .        x - +5 ring mail of the Prince of Darkness {*Slow rElec Int+3}
rPois   ∞            j - +0 helmet
rElec   +            (no cloak)
rCorr   .            i - +0 pair of gloves
SInv    .            (boots unavailable)
Will    .....        (no amulet)
Stlth   +            (no ring)
HPRegen 0.29/turn    (no ring)
MPRegen 0.00/turn

%: slow self (1%), infuse magic (-4 HP)
@: flying, very slightly contaminated
A: sickness immunity, fire resistance 2, cold vulnerability 1, float, innate
caster, HP casting, extra vitality 1
a: Renounce Religion


You were on level 5 of the Dungeon.
You worshipped Ashenzari.
Ashenzari was noncommittal.
You visited 2 branches of the dungeon, and saw 6 of its levels.
You also visited: Sewer.

You collected 154 gold pieces.

Inventory:

Hand Weapons
 r - a +2 dagger of electrocution (weapon)
 s - a +1 dagger of flaming
Armour
 a - a +0 robe
 i - a +0 pair of gloves (worn)
 j - a +0 helmet (worn)
 x - the +5 ring mail of the Prince of Darkness (worn) {*Slow rElec Int+3}
   (You found it on level 5 of the Dungeon)

   Int:       It affects your intelligence (+3).
   rElec:     It insulates you from electricity.
   *Slow:     It may slow you when you take damage.
Wands
 l - a wand of iceblast (10)
Scrolls
 b - 2 scrolls of blinking {unknown}
 d - 7 scrolls of teleportation {unknown}
 e - 3 scrolls of noise {unknown}
 g - 4 scrolls of vulnerability {unknown}
 k - 4 scrolls of identify {unknown}
 m - a scroll of fog {unknown}
 t - 2 scrolls of acquirement {unknown}
 w - a scroll of butterflies {unknown}
Potions
 c - 2 potions of degeneration {unknown}
 f - 4 potions of curing {unknown}
 h - a potion of flight {unknown}
 n - 2 potions of mutation {unknown}
 o - a potion of ambrosia {unknown}
 p - a potion of brilliance {unknown}
 q - 2 potions of might {unknown}
 u - 2 potions of heal wounds {unknown}
 v - 3 potions of cancellation {unknown}


   Skills:
 * Level 4.8 Fighting
 + Level 3.2 Armour
 - Level 2.1 Dodging
 - Level 1.5 Stealth
 * Level 5.6 Spellcasting
 + Level 0.5 Evocations


You knew the following spells:

 Your Spells              Type           Power      Damage    Failure   Level
a - Sandblast             Erth           58%        2d13      3%          1
b - Passwall              Tmut/Erth      24%        N/A       4%          2
c - Stone Arrow           Conj/Erth      58%        3d10      10%         3
d - Petrify               Tmut/Erth      29%        N/A       32%         4
e - Shock                 Conj/Air       100%       1d9       3%          1
f - Wereblood             Tmut           29%        N/A       4%          2
g - Scorch                Fire           58%        2d7       4%          2
Your spell library was empty.

Dungeon Overview and Level Annotations

Branches:
Dungeon (5/15)             Temple (1/1) D:5           Sewer (visited)

Altars:
Ashenzari
Cheibriados
Dithmenos
Elyvilon
Fedhas
Gozag
Hepliaklqana
Makhleb
Nemelex Xobeh
Okawaru
Qazlal
Ru
Trog
Wu Jian
Xom
Yredelemnul
Zin
The Shining One


Innate Abilities, Weirdness & Mutations

You are immune to sickness and miasma.
You are immune to poison.
Your flesh is very heat resistant. (rF++)
You are vulnerable to cold. (rC-)
You float through the air rather than walking.
You learn spells naturally, not from books.
Your magical power is your life essence.
You have superior vitality. (+4 MHP)


Message History

Confirm with . or Enter, or press ? or * to list all spells.
The spell is quite dangerous to miscast (34% risk of failure)!
Continue anyway?
Aiming: Petrify (quite dangerous; 34% risk of failure)
Press: ? - help, Shift-Dir - straight line, f - ice beast
Aim: an ice beast (chance to affect: 59%)
The ice beast is moving more slowly.
Casting: Petrify (quite dangerous; 34% risk of failure)
Confirm with . or Enter, or press ? or * to list all spells.
The spell is quite dangerous to miscast (34% risk of failure)!
Continue anyway?
Okay, then.
Casting: Petrify (quite dangerous; 34% risk of failure)
Confirm with . or Enter, or press ? or * to list all spells.
Aiming: Stone Arrow (dangerous; 11% risk of failure)
Press: ? - help, Shift-Dir - straight line, f/p - ice beast
Aim: an ice beast (petrifying slowly, 100% to hit)
The stone arrow hits the ice beast!!
The ice beast is heavily wounded.
Casting: Stone Arrow (dangerous; 11% risk of failure)
Confirm with . or Enter, or press ? or * to list all spells.
Aiming: Stone Arrow (dangerous; 11% risk of failure)
Press: ? - help, Shift-Dir - straight line, f/p - ice beast
Aim: an ice beast (heavily wounded, petrifying slowly, 100% to hit)
The stone arrow hits the ice beast!
The ice beast is almost dead.
Casting: Stone Arrow (dangerous; 11% risk of failure)
Confirm with . or Enter, or press ? or * to list all spells.
Aiming: Stone Arrow (dangerous; 11% risk of failure)
Press: ? - help, Shift-Dir - straight line, f/p - ice beast
Aim: an ice beast (almost dead, petrifying slowly, 100% to hit)
The stone arrow hits the ice beast!
You kill the ice beast!
k - 4 scrolls labelled ZEYSI YSIU (gained 1)
e - 3 scrolls labelled GAAT VE MEUMID (gained 1)
An ufetubus comes into view.
The ufetubus shouts!
Casting: Stone Arrow (dangerous; 10% risk of failure)
Confirm with . or Enter, or press ? or * to list all spells.
The spell is quite dangerous to miscast (32% risk of failure)!
Continue anyway?
Aiming: Petrify (quite dangerous; 32% risk of failure)
Press: ? - help, Shift-Dir - straight line, f - ufetubus
Aim: an ufetubus (chance to affect: 67%)
The ufetubus struggles to resist.
Casting: Petrify (quite dangerous; 32% risk of failure)
Confirm with . or Enter, or press ? or * to list all spells.
The spell is quite dangerous to miscast (32% risk of failure)!
Continue anyway?
Aiming: Petrify (quite dangerous; 32% risk of failure)
Press: ? - help, Shift-Dir - straight line, f/p - ufetubus
Aim: an ufetubus (chance to affect: 67%)
You miscast Petrify.
You are very lightly contaminated with residual magic.
Nothing appears to happen.
Casting: Petrify (quite dangerous; 32% risk of failure)
Confirm with . or Enter, or press ? or * to list all spells.
Aiming: Stone Arrow (dangerous; 10% risk of failure)
Press: ? - help, Shift-Dir - straight line, f/p - ufetubus
Aim: an ufetubus (53% to hit)
You miscast Stone Arrow.
Nothing appears to happen.
A centaur comes into view.
Casting: Stone Arrow (dangerous; 10% risk of failure)
Confirm with . or Enter, or press ? or * to list all spells.
Aiming: Stone Arrow (dangerous; 10% risk of failure)
Press: ? - help, Shift-Dir - straight line, f/p - ufetubus
Aim: an ufetubus (53% to hit)
The stone arrow hits the ufetubus!
You kill the ufetubus!
The centaur shouts!
Casting: Stone Arrow (dangerous; 10% risk of failure)
Confirm with . or Enter, or press ? or * to list all spells.
The spell is quite dangerous to miscast (32% risk of failure)!
Continue anyway?
Aiming: Petrify (quite dangerous; 32% risk of failure)
Press: ? - help, Shift-Dir - straight line, f - centaur
Aim: a centaur (chance to affect: 59%)
The centaur resists with significant effort.
The centaur wields a +2 shortbow of freezing.
It is covered in frost.
The centaur shoots an arrow.
The arrow hits you! The arrow freezes you.
The centaur shoots an arrow.
The arrow hits you!
* * * LOW HITPOINT WARNING * * *
The arrow freezes you.
* * * LOW HITPOINT WARNING * * *
Casting: Petrify (quite dangerous; 32% risk of failure)
Confirm with . or Enter, or press ? or * to list all spells.
The spell is quite dangerous to miscast (32% risk of failure)!
Continue anyway?
Aiming: Petrify (quite dangerous; 32% risk of failure)
Press: ? - help, Shift-Dir - straight line, f/p - centaur
Aim: a centaur, wielding a +2 shortbow of freezing (chance to affect: 59%)
The centaur resists with significant effort.
* * * LOW HITPOINT WARNING * * *
The centaur shoots an arrow.
The arrow hits you.
* * * LOW HITPOINT WARNING * * *
The arrow freezes you.
* * * LOW HITPOINT WARNING * * *
Casting: Petrify (quite dangerous; 32% risk of failure)
Confirm with . or Enter, or press ? or * to list all spells.
Aiming: Stone Arrow (dangerous; 10% risk of failure)
Press: ? - help, Shift-Dir - straight line, f/p - centaur
Aim: a centaur, wielding a +2 shortbow of freezing (83% to hit)
The stone arrow misses the centaur.
* * * LOW HITPOINT WARNING * * *
The centaur shoots an arrow.
The arrow hits you!
You die...

......##..# ..c....
.........#### ...$...
##.###..>...# .......
#.###..###... .......
#.....## # ######.......
##...### #######............
.......####........c.........
###.........#####.####.......
# #....########.@.# .......
###......#....### .......
#...........# ....... #
###..###......# .......
###...##......### .#.....
....#.....##..#
#..#...##....)#
.....######...# .#.>### #.###


You could see a centaur.

Vanquished Creatures
  Pargi (Sewer)
  A black bear (D:5)
  An ice beast (D:5)
  A scorpion (D:4)
  A jelly (D:5)
  An orc priest (D:4)
  3 hounds
  4 iguanas
  2 orc wizards (D:4)
  Natasha (thrice) (D:2)
  A mummy (D:4)
  10 adders
  3 gnolls (D:3)
  A white imp (D:5)
  An ufetubus (D:5)
  A worm (D:3)
  5 dart slugs
  8 orcs (D:4)
  8 endoplasms
  3 giant cockroaches
  5 goblins
  9 hobgoblins
  2 jackals (D:3)
  8 kobolds
  7 quokkas
  8 ball pythons
  9 frilled lizards
  3 kobold zombies (D:4)
  An orc zombie (D:4)
  8 rats
119 creatures vanquished.

Notes
Turn   | Place    | Note
-------+----------+-------------------------------------------
     0 | D:1      | RascalDebosk the Djinni Earth Elementalist began the quest
                  | for the Orb.
     0 | D:1      | RascalDebosk set off with the following spells memorised:
                  | Sandblast, Passwall, Stone Arrow, Petrify.
     0 | D:1      | Reached XP level 1. HP: 15/15 MP: 0/0
   198 | D:1      | Reached XP level 2. HP: 21/21 MP: 0/0
   433 | D:1      | Reached skill level 3 in Spellcasting
   518 | D:1      | Reached XP level 3. HP: 17/25 MP: 0/0
   518 | D:1      | Learned a level 1 spell: Shock
  1156 | D:2      | Noticed Natasha
  1160 | D:2      | Killed Natasha
  1161 | D:2      | Reached XP level 4. HP: 19/31 MP: 0/0
  1317 | D:2      | Noticed Natasha
  1320 | D:2      | Killed Natasha
  1321 | D:2      | Reached skill level 4 in Spellcasting
  1444 | D:2      | Reached XP level 5. HP: 31/36 MP: 0/0
  1444 | D:2      | Learned a level 2 spell: Wereblood
  1568 | D:2      | Noticed Natasha
  1575 | D:2      | Killed Natasha
  1576 | D:2      | Reached skill level 1 in Fighting
  2133 | D:3      | Reached skill level 1 in Armour
  2469 | D:3      | Reached XP level 6. HP: 40/43 MP: 0/0
  2482 | D:3      | Found a faded altar of an unknown god.
  3029 | D:4      | Found a glowing golden altar of the Shining One.
  3468 | D:4      | Reached XP level 7. HP: 42/50 MP: 0/0
  3468 | D:4      | Learned a level 2 spell: Scorch
  3768 | D:4      | Reached skill level 5 in Spellcasting
  3875 | D:5      | Entered Level 5 of the Dungeon
  3970 | D:5      | Found a staircase to the Ecumenical Temple.
  3980 | Temple   | Entered the Ecumenical Temple
  4053 | Temple   | Became a worshipper of Ashenzari the Shackled
  4270 | D:5      | Found a glowing drain.
  4280 | Sewer    | Entered a sewer
  4445 | Sewer    | Noticed Pargi
  4454 | Sewer    | Killed Pargi
  4455 | Sewer    | Reached XP level 8. HP: 35/58 MP: 0/0
  4776 | D:5      | Identified the +5 ring mail of the Prince of Darkness
                  | {*Slow rElec Int+3}
  4934 | D:5      | Shot with an arrow by a centaur

Illustrated notes

Levels and vault maps discovered:
D:1:      dpeg_arrival_oval, layout_loops_corners, minmay_misc_feat_pillars
D:2:      layout_basic, amcnicky_mini_rare_corridor_liquid, uniq_natasha
D:3:      layout_basic, dreamdust_ecumenical_altar_grove
D:4:      kennysheep_six_static_rooms, layout_basic,
          mainiacjoe_overflow_brackets, minmay_mini_ossuary
D:5:      layout_rooms, minmay_temple_entry_gardened_gates,
          gammafunk_ghost_smash, portal_sewer_entry_f, uniq_prince_ribbit1
Temple:   nicolae_temple_bog_church

Skill      XL: |  1  2  3  4  5  6  7  8 |
---------------+-------------------------+-----
Spellcasting   | 3 4 5 |  5.6
Fighting       | 1 3 4 |  4.8
Armour         | 1 2 3 |  3.2
Dodging        | |  2.1
Stealth        | |  1.5
Evocations     | |  0.5

Action                     |  1- 3 |  4- 6 |  7- 9 || total
---------------------------+-------+-------+-------++-------
  Melee: Dagger            |       |    22 |    15 ||    37
   Cast: Sandblast         |    30 |    17 |    23 ||    70
         Shock             |    10 |   128 |    11 ||   149
         Wereblood         |       |     1 |       ||     1
         Stone Arrow       |       |       |    33 ||    33
         Petrify           |       |       |     7 ||     7
 Armour: Robe              |     1 |    15 |    10 ||    26
  Dodge: Dodged            |     4 |    28 |    30 ||    62
